 Dungeon Crawl Stone Soup version 0.29.1-15-g9cfb28693d (webtiles) character file.

Game seed: 14187797674565397363

1442 eliilek the Blocker (level 8, 0/70 HPs)
             Began as a Minotaur Fighter on Feb 15, 2023.
             Was a Believer of the Shining One.
             Killed by divine providence
             ... invoked by an orc priest
              (14 damage)
             ... on level 6 of the Dungeon on Feb 22, 2023.
             The game lasted 00:14:20 (4379 turns).

eliilek the Blocker (Minotaur Fighter)              Turns: 4379, Time: 00:14:21

Health: 0/70       AC: 12    Str: 21    XL:     8   Next: 46%
Magic:  7/7        EV: 11    Int:  5    God:    the Shining One [**....]
Gold:   465        SH:  6    Dex: 12    Spells: 7/7 levels left

rFire   + . .      SeeInvis .   a - +0 flail
rCold   . . .      Faith    .   c - +0 buckler
rNeg    + . .      Spirit   .   j - +0 chain mail
rPois   .          Reflect  .   (helmet restricted)
rElec   .          Harm     .   q - +0 cloak
rCorr   .          Rampage  .   b - +0 pair of gloves
Will    .....                   (no boots)
Stlth   ..........              f - amulet of regeneration
HPRegen 1.01/turn               h - ring of protection from fire
MPRegen 0.10/turn               w - +4 ring of evasion

@: glowing
A: horns 2, retaliatory headbutt
a: Renounce Religion, Divine Shield


You were on level 6 of the Dungeon.
You worshipped the Shining One.
The Shining One was pleased with you.
You visited 1 branch of the dungeon, and saw 6 of its levels.

You collected 465 gold pieces.

Inventory:

Hand Weapons
 a - a +0 flail (weapon)
Missiles
 H - 6 poisoned darts (quivered)
Armour
 b - a +0 pair of gloves (worn)
 c - a +0 buckler (worn)
 j - a +0 chain mail (worn)
 q - a +0 cloak (worn)
Jewellery
 f - an amulet of regeneration (around neck)
 h - a ring of protection from fire (left hand)
 p - the ring "Dicio" {rF+ Str+3 Int-4 Slay+3}
   (You found it on level 2 of the Dungeon)

   [ring of protection from fire]

   Str:       It affects your strength (+3).
   Int:       It affects your intelligence (-4).
   Slay:      It affects your accuracy & damage with ranged weapons and melee
   (+3).
   rF:        It protects you from fire.
 w - a +4 ring of evasion (right hand)
Wands
 E - a wand of flame (16)
 G - a wand of roots (13)
Scrolls
 e - 5 scrolls of identify
 g - a scroll of silence {unknown}
 l - 3 scrolls of magic mapping
 t - a scroll of torment {unknown}
 x - 5 scrolls of teleportation
 y - a scroll of blinking {unknown}
 z - a scroll of fear {unknown}
 A - 2 scrolls of enchant armour {unknown}
 B - a scroll of enchant weapon {unknown}
 C - a scroll of butterflies {unknown}
 F - a scroll of vulnerability {unknown}
Potions
 d - 2 potions of might
 i - 5 potions of curing
 k - a potion of mutation {unknown}
 m - a potion of haste {unknown}
 n - a potion of attraction {unknown}
 o - a potion of magic {unknown}
 r - 2 potions of invisibility {unknown}
 s - 3 potions of degeneration {unknown}
 u - a potion of cancellation {unknown}
 v - a potion of resistance {unknown}
 D - a potion of ambrosia {unknown}
 I - a potion of brilliance {unknown}


   Skills:
 + Level 6.2 Fighting
 * Level 7.7 Maces & Flails
 + Level 6.2 Armour
 * Level 8.1 Shields


You had 7 spell levels left.
You didn't know any spells.
Your spell library contained the following spells:

 Spells                   Type           Power      Damage    Failure   Level
 Blink                    Tloc           0%         N/A       100%        2
 Lesser Beckoning         Tloc           0%         N/A       100%        3
 Leda's Liquefaction      Hex/Erth       0%         N/A       100%        4
 Lee's Rapid Deconstruct  Erth           0%         3d5*      100%        5
 Manifold Assault         Tloc           0%         N/A       100%        5
 Statue Form              Tmut/Erth      0%         N/A       100%        6


Dungeon Overview and Level Annotations

Branches:
Dungeon (6/15)
 Temple: D:4-7

Altars:
Gozag
Qazlal
Sif Muna
Vehumet
The Shining One

Shops:
D:4 *


Innate Abilities, Weirdness & Mutations

You have a pair of horns on your head.
You reflexively headbutt those who attack you in melee.


Message History

You kill the centaur!
You start waiting.
Done waiting.
An ice beast and an orc wizard come into view.
The orc wizard shouts!
You hear a shout!
Found a scroll labelled GAGAGG NUWK.
An orc priest comes into view. It is wielding a +0 war axe.
An orc priest comes into view. It is wielding a +0 club.
The orc priest calls down the wrath of Beogh upon you.
Beogh smites you!
An orc comes into view. It is wielding a +0 trident.
The orc priest shouts!
The orc shouts!
The orc priest calls down the wrath of Beogh upon you.
Beogh smites you! The orc wizard barely misses you.
The orc priest looks braver for a moment.
You barely miss the orc wizard.
The orc wizard hits you with a +0 dagger.
The orc priest invokes the aid of Beogh against you.
Pain shoots through your body!
You sock the orc wizard!
The orc wizard is almost dead.
The orc wizard casts a spell at you. You resist with some effort.
The ice beast hits you but does no damage.
You sock the orc wizard!
You kill the orc wizard!
The ice beast hits you but does no damage.
The orc priest invokes the aid of Beogh against you.
Beogh smites you!
The orc throws a stone.
You block the stone. You block the ice beast's attack.
You barely miss the ice beast. The ice beast hits you.
The ice beast freezes you!
* * * LOW HITPOINT WARNING * * *
The orc priest invokes the aid of Beogh against you.
You are unaffected.
The orc priest looks braver for a moment.
You block the ice beast's attack.
The orc priest mumbles some strange prayers to Beogh against you.
Beogh smites you!
You die...

...#.#.....#...
......?.........
#...............
###
...............
≈≈#
...............
≈≈ #...ooo......
...##....Y.### #
#...........#
###
######@.....#
.># ..####
##.....## ..#
......##..##..##
..#
#...........#
###
###.#......##
..# ##.###..###
#############..#
###
#.#.#...#.#.#.##
.)#...#...#...#


You could see an ice beast, 2 orc priests and an orc.

Vanquished Creatures
  A black bear (D:5)
  2 ogres
  An ice beast (D:5)
  3 centaurs
  A necrophage (D:4)
  A scorpion (D:6)
  2 electric eels (D:6)
  2 hounds
  2 gnoll boudas (D:5)
  2 jellies
  An orc priest (D:2)
  2 iguanas (D:5)
  3 orc wizards
  Natasha (twice) (D:3)
  A statue (D:3)
  6 gnolls
  9 adders
  6 dart slugs
  17 orcs
  6 ball pythons
  4 bats
  4 endoplasms
  6 giant cockroaches
  8 goblins
  6 hobgoblins
  2 quokkas
  5 frilled lizards
  7 kobolds
  6 rats
118 creatures vanquished.

Vanquished Creatures (others)
  6 plants (D:6)
6 creatures vanquished.

Grand Total: 124 creatures vanquished

Notes
Turn   | Place    | Note
-------+----------+-------------------------------------------
     0 | D:1      | eliilek the Minotaur Fighter began the quest for the Orb.
     0 | D:1      | Reached XP level 1. HP: 19/19 MP: 0/0
   159 | D:1      | Reached skill level 4 in Shields
   159 | D:1      | Reached XP level 2. HP: 14/27 MP: 1/1
   222 | D:1      | Found a faded altar of an unknown god.
   423 | D:1      | Reached XP level 3. HP: 30/33 MP: 2/2
   780 | D:1      | Prayed at the altar of an unknown god.
   780 | D:1      | Became a worshipper of the Shining One
   780 | D:1      | Reached * piety under the Shining One
   872 | D:2      | Reached XP level 4. HP: 30/40 MP: 3/3
  1300 | D:2      | Identified the ring "Dicio" {rF+ Str+3 Int-4 Slay+3}
  1441 | D:3      | Noticed Natasha
  1449 | D:3      | Killed Natasha
  1450 | D:3      | Reached skill level 5 in Shields
  1450 | D:3      | Reached XP level 5. HP: 23/46 MP: 4/4
  1981 | D:3      | Noticed Natasha
  1994 | D:3      | Killed Natasha
  2037 | D:3      | Found a radiant altar of Vehumet.
  2037 | D:3      | Noticed a charred statue
  2046 | D:3      | Killed a charred statue
  2069 | D:3      | Upgraded the game from 0.29.1-14-g9c671dbff4 to
                  | 0.29.1-15-g9cfb28693d
  2138 | D:4      | Reached ** piety under the Shining One
  2143 | D:4      | Reached XP level 6. HP: 53/53 MP: 5/5
  2151 | D:4      | Reached skill level 5 in Maces & Flails
  2483 | D:4      | Found Hoodal's Assorted Antiques.
  2530 | D:4      | Reached skill level 6 in Shields
  2865 | D:5      | Entered Level 5 of the Dungeon
  2903 | D:5      | Reached skill level 5 in Armour
  2988 | D:5      | Found a shimmering blue altar of Sif Muna.
  3110 | D:5      | Reached skill level 5 in Fighting
  3110 | D:5      | Reached XP level 7. HP: 60/61 MP: 6/6
  3629 | D:5      | Reached skill level 7 in Shields
  3801 | D:5      | Reached XP level 8. HP: 68/70 MP: 7/7
  3881 | D:5      | Found a stormy altar of Qazlal.
  3910 | D:5      | Found an opulent altar of Gozag.
  4224 | D:6      | Reached skill level 8 in Shields
  4379 | D:6      | Killed from afar by an orc priest

Illustrated notes

Levels and vault maps discovered:
D:1:      dreamdust_arrival_sigmund_warning, layout_basic,
          hellmonk_ecumenical_altar_arch_garden, columned_hall_lemuel
D:2:      cheibrodos_pilgrimage, layout_basic, minmay_3d_cube
D:3:      layout_basic, vehumet_statue, chequers_serial_rivers_small_b,
          uniq_natasha
D:4:      layout_basic, serial_shops, nicolae_square_shop
D:5:      layout_loops_corners, lemuel_coloured_pillars_altar,
          mainiacjoe_overflow_two_lobes, minmay_misc_feat_room,
          kennysheep_generic_room_2
D:6:      layout_cave_pools, nemelex_xobeh_ov_fountains_minmay,
          chequers_big_river, minmay_misc_feat_alley

Skill      XL: |  1  2  3  4  5  6  7  8 |
---------------+-------------------------+-----
Shields        | 4 5 6 7 8 |  8.1
Maces & Flails | 3 4 5 6 7 |  7.7
Armour         | 4 5 6 |  6.2
Fighting       | 4 5 6 |  6.2

Action                   |  1- 3 |  4- 6 |  7- 9 || total
-------------------------+-------+-------+-------++-------
Melee: Flail             |    43 |   131 |    91 ||   265
       Headbutt          |     6 |    24 |    22 ||    52
  Use: Scroll            |       |     3 |       ||     3
Armor: Scale mail        |    11 |       |       ||    11
       Chain mail        |     5 |    69 |    67 ||   141
Dodge: Dodged            |    17 |    58 |    61 ||   136
Block: Buckler           |    10 |    22 |    38 ||    70
